 Dungeon Crawl Stone Soup version 0.31-a0-1539-g569d6c7dce (webtiles) character file.

Game seed: 11938510552067794442

2278901 Flugslaktarn the Slayer (level 22, 226/226 HPs)
             Began as a Minotaur Fighter on Jan 1, 2024.
             Was an Elder of Cheibriados.
             Escaped with the Orb
             ... and 3 runes
             ... and 1 gem!
             The game lasted 00:30:31 (37553 turns).

Flugslaktarn the Slayer (Minotaur Fighter)         Turns: 37553, Time: 00:30:32

Health: 226/226    AC: 41    Str: 39    XL:     22   Next: 33%
Magic:  30/30      EV: 26    Int: 17    God:    Cheibriados [****..]
Gold:   2133       SH: 24    Dex: 23    Spells: 21/21 levels left

rFire   + . .        a - +4 broad axe (vamp)
rCold   + . .        Z - +0 tower shield
rNeg    . . .        W - +6 gold dragon scales
rPois   +            (helmet restricted)
rElec   .            F - +2 cloak
rCorr   .            s - +2 pair of gloves
SInv    .            R - +2 pair of boots
Will    ++...        Q - amulet of regeneration Stlth
                     v - +5 ring of evasion
HPRegen 1.37/turn    M - ring "Ason Weh" {Will+ Int+2}
MPRegen 0.22/turn

%: no passive effects
@: very slow
A: horns 2, retaliatory headbutt
0: Orb of Zot
}: 3/15 runes: decaying, silver, gossamer
a: Renounce Religion, Bend Time, Temporal Distortion, Slouch


You escaped.
You worshipped Cheibriados.
Cheibriados was greatly pleased with you.
You visited 9 branches of the dungeon, and saw 45 of its levels.
You visited the Abyss 1 time.
You also visited: Bailey.

You collected 4338 gold pieces.
You spent 2205 gold pieces at shops.

Inventory:

Hand Weapons
 a - a +4 vampiric broad axe (weapon)
   (You took it off a yaktaur captain on level 5 of the Vaults)
 m - the +7 battleaxe of Mosuh {freeze, Int+2}
   (You found it on level 11 of the Dungeon)

   Int+2:     It affects your intelligence (+2).
 J - a +4 broad axe of flaming
   (You found it on level 7 of the Dungeon)
Missiles
 e - 4 throwing nets
Armour
 s - a +2 pair of gloves (worn)
   (You found it on level 3 of the Dungeon)
 F - a +2 cloak (worn)
   (You found it on level 1 of the Lair of Beasts)
 G - a +0 buckler
 R - a +2 pair of boots (worn)
   (You found it on level 12 of the Dungeon)
 V - a scarf of repulsion
   (You found it on level 4 of the Spider Nest)
 W - +6 gold dragon scales (worn)
   (You took it off Parghit on level 1 of the Realm of Zot)
 Z - a +0 tower shield (worn)
   (You took it off a draconian knight on level 4 of the Depths)
Jewellery
 c - a ring of protection from cold
   (You found it on level 15 of the Dungeon)
 i - a ring of see invisible
   (You found it on level 4 of the Depths)
 k - a ring of resist corrosion
   (You found it on level 2 of the Dungeon)
 o - a ring of poison resistance
   (You found it on level 2 of the Lair of Beasts)
 p - a +6 ring of strength
   (You found it on level 12 of the Dungeon)
 r - a +6 ring of strength
   (You took it off a vault guard on level 5 of the Vaults)
 v - a +5 ring of evasion (left hand)
   (You bought it in a shop on level 2 of the Orcish Mines)
 M - the ring "Ason Weh" (right hand) {Will+ Int+2}
   (You took it off a vault guard on level 5 of the Vaults)

   [ring of willpower]

   Int+2:     It affects your intelligence (+2).
   Will+:     It increases your willpower.
 Q - an amulet of regeneration (around neck)
   (You bought it in a shop on level 2 of the Orcish Mines)
 S - the ring "Yleur" {rC++ SInv}
   (You bought it in a shop on level 15 of the Dungeon)

   [ring of see invisible]

   rC++:      It greatly protects you from cold.
   SInv:      It lets you see invisible.
 X - a ring of flight
   (You found it on level 2 of the Depths)
Wands
 g - a wand of digging (13)
   (You found it on level 14 of the Dungeon)
 y - a wand of paralysis (15)
   (You found it on level 1 of the Lair of Beasts)
 D - a wand of acid (30)
   (You took it off Amaemon on level 3 of the Lair of Beasts)
 H - a wand of iceblast (53)
   (You found it on level 9 of the Dungeon)
 O - a wand of mindburst (16)
   (You found it on level 5 of the Lair of Beasts)
Scrolls
 b - 7 scrolls of immolation
 l - 5 scrolls of vulnerability
 t - 7 scrolls of teleportation
 x - 5 scrolls of fog
 E - 2 scrolls of butterflies
 I - 7 scrolls of enchant armour
 P - a scroll of fear
 Y - a scroll of brand weapon
Potions
 f - 4 potions of enlightenment
 h - 5 potions of haste
 j - 4 potions of lignification
 n - a potion of resistance
 q - 8 potions of curing
 A - 2 potions of cancellation
 B - 4 potions of ambrosia
 K - 2 potions of invisibility
 N - 5 potions of magic
 T - 2 potions of attraction
 U - 4 potions of mutation
Miscellaneous
 C - a tin of tremorstones (2/2)
   (You found it on level 5 of the Vaults)
 L - a phantom mirror
   (You found it on level 3 of the Lair of Beasts)


   Skills:
 - Level 25.4 Fighting
 - Level 18.0 Axes
 - Level 21.6 Armour
 - Level 19.3 Dodging
 + Level 20.5 Shields
 - Level 12.0 Invocations


You had 21 spell levels left.
You didn't know any spells.
Your spell library contained the following spells:

 Spells                   Type           Power      Damage    Failure   Level
 Apportation              Tloc           0%         N/A       86%         1
 Freeze                   Ice            0%         1d3       86%         1
 Kiss of Death            Conj/Necr      0%         2d5       86%         1
 Magic Dart               Conj           0%         1d3       86%         1
 Necrotise                Necr           0%         1d4       86%         1
 Sandblast                Erth           0%         2d4       86%         1
 Shock                    Conj/Air       0%         1d3       86%         1
 Slow                     Hex            0%         N/A       86%         1
 Sting                    Conj/Alch      0%         1d3       86%         1
 Summon Small Mammal      Summ           0%         N/A       86%         1
 Cigotuvi's Dreadful Rot  Necr/Alch/Air  0%         N/A       95%         2
 Ensorcelled Hibernation  Hex/Ice        0%         N/A       95%         2
 Lesser Beckoning         Tloc           0%         N/A       95%         2
 Mercury Vapours          Alch/Air       0%         N/A       95%         2
 Scorch                   Fire           0%         2d5       95%         2
 Searing Ray              Conj           0%         2d4       95%         2
 Static Discharge         Conj/Air       0%         3-3/arc   95%         2
 Call Canine Familiar     Summ           0%         N/A       99%         3
 Confusing Touch          Hex            0%         N/A       99%         3
 Frozen Ramparts          Ice            0%         1d1       99%         3
 Fugue of the Fallen      Necr           0%         N/A       99%         3
 Gell's Gravitas          Tloc           0%         N/A       99%         3
 Hailstorm                Conj/Ice       0%         3d5       99%         3
 Inner Flame              Hex/Fire       0%         N/A       99%         3
 Passwall                 Erth           0%         N/A       99%         3
 Sigil of Binding         Hex            0%         N/A       99%         3
 Stone Arrow              Conj/Erth      0%         3d7       99%         3
 Summon Ice Beast         Ice/Summ       0%         N/A       99%         3
 Swiftness                Air            0%         N/A       99%         3
 Teleport Other           Tloc           0%         N/A       99%         3
 Tukima's Dance           Hex            0%         N/A       99%         3
 Vampiric Draining        Necr           0%         2d6       99%         3
 Volatile Blastmotes      Fire/Tloc      0%         2d10      99%         3
 Airstrike                Air            0%         2d(0-16)  100%        4
 Anguish                  Hex/Necr       0%         N/A       100%        4
 Animate Armour           Summ/Erth      0%         N/A       100%        4
 Animate Dead             Necr           0%         N/A       100%        4
 Brom's Barrelling Bould  Conj/Erth      0%         2d3       100%        4
 Dimensional Bullseye     Hex/Tloc       0%         N/A       100%        4
 Dispel Undead            Necr           0%         3d6       100%        4
 Flame Wave               Conj/Fire      0%         2d4       100%        4
 Fulminant Prism          Conj/Alch      0%         3d5       100%        4
 Iskenderun's Mystic Bla  Conj/Tloc      0%         2d3       100%        4
 Manifold Assault         Tloc           0%         N/A       100%        4
 Martyr's Knell           Necr/Summ      0%         N/A       100%        4
 Olgreb's Toxic Radiance  Alch           0%         N/A       100%        4
 Passage of Golubria      Tloc           0%         N/A       100%        4
 Summon Lightning Spire   Summ/Air       0%         N/A       100%        4
 Vhi's Electric Charge    Tloc/Air       0%         N/A       100%        4
 Alistair's Intoxication  Alch           0%         N/A       100%        5
 Arcjolt                  Conj/Air       0%         1d10      100%        5
 Borgnjor's Vile Clutch   Necr/Erth      0%         N/A       100%        5
 Curse of Agony           Necr           0%         N/A       100%        5
 Irradiate                Conj/Alch      0%         3d11      100%        5
 Lee's Rapid Deconstruct  Erth           0%         3d4*      100%        5
 Silence                  Hex/Air        0%         N/A       100%        5
 Summon Mana Viper        Hex/Summ       0%         N/A       100%        5
 Yara's Violent Unravell  Hex/Alch       0%         3d3       100%        5
 Conjure Ball Lightning   Conj/Air       0%         3x3d6     100%        6
 Dispersal                Tloc           0%         N/A       100%        6
 Eringya's Noxious Bog    Alch           0%         4d6       100%        6
 Sculpt Simulacrum        Ice/Alch       0%         N/A       100%        6
 Starburst                Conj/Fire      0%         6d3       100%        6
 Summon Cactus Giant      Summ           0%         N/A       100%        6
 Haunt                    Necr/Summ      0%         N/A       100%        7
 Monstrous Menagerie      Summ           0%         N/A       100%        7
 Ozocubu's Refrigeration  Ice            0%         4d7       100%        7
 Discord                  Hex            0%         N/A       100%        8
 Disjunction              Tloc           0%         N/A       100%        8
 Ignition                 Fire           0%         3d3       100%        8
 Infestation              Necr           0%         N/A       100%        8
 Lehudib's Crystal Spear  Conj/Erth      0%         10d2      100%        8
 Maxwell's Capacitive Co  Air            0%         ∞         100%        8
 Polar Vortex             Ice            0%         N/A       100%        9


Dungeon Overview and Level Annotations

Branches:
Dungeon (15/15)            Temple (1/1) D:6            Lair (5/5) D:11
  Swamp (4/4) Lair:2       Spider (4/4) Lair:2        Slime (0/5) Lair:4
    Orc (2/2) D:12            Elf (0/3) Orc:2        Vaults (5/5) D:14
 Depths (4/4) D:15            Zot (5/5) Depths:4     Bailey (visited)
  Crypt: Vaults:2-3

Altars:
Ashenzari
Cheibriados
Dithmenos
Elyvilon
Fedhas
Gozag
Hepliaklqana
Kikubaaqudgha
Makhleb
Nemelex Xobeh
Okawaru
Qazlal
Ru
Sif Muna
Trog
Uskayaw
Vehumet
Wu Jian
Xom
Yredelemnul
Zin
The Shining One
Jiyva

Shops:
D:3 ?   D:4 *   D:10 :   D:15 **(   Orc:2 =[((?

Portals:
Hell: Depths:1 Depths:3 Depths:4
Abyss: Depths:3

Annotations:
D:6 1 runed translucent door, Crazy Yiuf
Swamp:4 Mara
Zot:1 exclusion: downstairs
Zot:2 Josephina


Innate Abilities, Weirdness & Mutations

You have a pair of horns on your head.
You reflexively headbutt those who attack you in melee.


Message History

You hit the cherub but do no damage.
The cherub is moderately wounded.
You block the cherub's attack. x2
You closely miss the cherub.
You headbutt the cherub, but do no damage.
The cherub is moderately wounded.
You block the cherub's attack. x2
You closely miss the cherub. You headbutt the cherub!
The cherub is heavily wounded.
You block the cherub's attack. x2
You completely miss the cherub.
The cherub is heavily wounded.
You hit the cherub but do no damage.
The cherub is heavily wounded.
You block the cherub's attack. x2
You hit the cherub.
You headbutt the cherub, but do no damage.
The cherub is heavily wounded.
You block the cherub's attack.
The cherub bites you but does no damage.
You slice the cherub!! You headbutt the cherub!
You kill the cherub!
Cheibriados appreciates the change of pace.
No target in view!
Things that are here:
a +0 robe; a +0 flail of flaming; a +0 shortbow
There is an open door here.
There is a stone staircase leading down here.
You see here a +0 sling.
There is an open door here.
There is a stone staircase leading up here.
You climb upwards.
There is a stone staircase leading down, spattered with blood here.
A hell beast comes into view.
There is a stone staircase leading up here.
Unknown command.
You climb upwards.
There is a stone staircase leading down here.
What level of the Dungeon? (default 1, ? - help)
There is a stone staircase leading up here.
You climb upwards.
There is a stone staircase leading down here.
There is a stone staircase leading up here.
You climb upwards.
Level annotation: 1 runed translucent door, Crazy Yiuf
There is a stone staircase leading down, spattered with blood here.
You see here 5 stones.
There is a stone staircase leading up here.
You climb upwards.
There is a stone staircase leading down here.
There is a stone staircase leading up here.
You climb upwards.
There is a stone staircase leading down here.
There is a stone staircase leading up here.
You climb upwards.
There is a stone staircase leading down here.
A large abomination comes into view.
Things that are here:
a +0 leather armour; a +0 club
There is a stone staircase leading up here.
You climb upwards.
There is a stone staircase leading down here.
There is a stone staircase leading up here.
You climb upwards.
There is a stone staircase leading down here.
A red devil comes into view. It is wielding a +0 trident.
Unknown command.
The red devil moves out of view.
The red devil attacks as it pursues you!
You block the red devil's attack. x2
The red devil hits you from afar with a +0 trident.
Barbed spikes become lodged in your body.
Okay, then.
Okay, then.
The barbed spikes dig painfully into your body as you move.
You block the red devil's attack. x2
You hit the red devil.
The red devil is lightly wounded.
You closely miss the red devil. Your headbutt misses the red devil.
The red devil is lightly wounded.
The red devil hits you with a +0 trident.
Barbed spikes become lodged in your body.
You barely miss the red devil. Your headbutt misses the red devil.
The red devil is lightly wounded.
You block the red devil's attack.
You hit the red devil.
You headbutt the red devil, but do no damage.
The red devil is moderately wounded.
You slice the red devil!! Your headbutt misses the red devil.
The red devil is almost dead.
The red devil closely misses you.
You hit the red devil.
You kill the red devil!
Cheibriados appreciates the change of pace.
No target in view!
You carefully extract the barbed spikes from your body.
You see here a +0 spear.
There is a staircase leading out of the dungeon here.
Enter note: gg You have escaped!

.###...............# ###.##......
####...............# #...##......
#######.....(.########.####.#####
#................# #.#####
#######.(.....##..####.####......
......#...................#######
......#..P#~#P.....P#~#P..# #....
........P##~##P...P##~##P.# ####.
.........~~~~~..@..~~~~~..# #.
......#.P##~##P...P##~##P.# #.
......#..P#~#P.....P#~#P..# ##
......#...................# #
#+#####..#.......#.#.############
#.##.....#.##....................
..##.##.##.##....................
.....##....##....................
#############....................


There were no monsters in sight!

Vanquished Creatures
  An orb of fire (Zot:5)
  Sojobo (Vaults:4)
  Parghit (Zot:1)
  A Killer Klown (Zot:5)
  2 golden dragons
  Norris (Vaults:4)
  A profane servitor (Abyss:2)
  A bone dragon (Depths:4)
  An electric golem (Zot:1)
  A Brimstone Fiend (Depths:1)
  A Tzitzimitl (Zot:2)
  2 Ice Fiends
  15 tentacled monstrosities
  13 Orb Guardians
  Jorgrun (Spider:1)
  5 liches
  Asterion (Spider:3)
  3 sphinxes
  A walking divine tome (Depths:1)
  4 titans (Vaults:5)
  2 quicksilver dragons
  3 death cobs
  A thorn hunter (Swamp:4)
  10 storm dragons
  4 shadow dragons
  2 tentacled starspawn (Abyss:2)
  Aizul (Vaults:4)
  7 tengu reavers
  2 draconian knights
  5 protean progenitors
  3 draconian monks
  4 frost giants
  7 fire giants
  14 vault wardens
  2 deep elf sorcerers (Vaults:5)
  2 draconian shifters
  3 ghost moths (Spider:4)
  3 emperor scorpions (Spider:4)
  2 draconian scorchers
  A balrug (Depths:4)
  A spriggan defender (Depths:1)
  2 orc warlords
  2 draconian stormcallers
  8 very ugly things
  2 draconian annihilators
  3 ironbound thunderhulks (Vaults:3)
  A broodmother (Spider:2)
  2 formless jellyfish (Vaults:4)
  17 ironbound preservers
  18 stone giants
  3 green draconians
  3 vampire knights
  2 ghouls (Swamp:4)
  A deep elf demonologist (Vaults:5)
  4 eleionomae
  A deep elf annihilator (Vaults:5)
  6 black draconians
  4 white draconians
  11 dire elephants
  A bunyip (Swamp:4)
  Azrael (D:13)
  6 war gargoyles
  5 yellow draconians
  3 purple draconians
  A blizzard demon (Depths:1)
  5 red draconians
  10 spark wasps
  Snorg (Orc:2)
  7 ettins
  2 green deaths (Swamp:4)
  A jiangshi (Abyss:2)
  6 fire dragons
  A deep elf high priest (Vaults:5)
  2 shambling mangroves
  4 great orbs of eyes
  10 yaktaur captains
  Erolcha (Orc:1)
  9 entropy weavers
  32 vault guards
  A sphinx zombie (D:15)
  2 ice dragons (Depths:4)
  A hell beast (Swamp:4)
  3 spriggan air magi
  2 radroaches
  3 peacekeepers
  2 ghost crabs (Swamp:2)
  10 hydras
  2 rakshasas
  10 ironbound frosthearts
  2 ogre magi (Orc:2)
  A merfolk avatar (Lair:5)
  7 alligators
  11 boulder beetles
  12 centaur warriors
  3 two-headed ogres
  3 catoblepae
  2 satyrs
  2 tengu warriors
  Erica (Orc:1)
  6 death yaks (Lair:2)
  5 deep troll earth magi
  Urug (Orc:2)
  4 deep troll shamans
  6 demonic crawlers
  5 thrashing horrors (Abyss:2)
  A wretched star (Abyss:2)
  3 spriggan berserkers
  2 sun demons
  5 skysharks
  2 hell knights
  Nergalle (Orc:2)
  8 skeletal warriors (D:15)
  Amaemon (Lair:3)
  6 iron trolls
  A cherub (D:10)
  5 pharaoh ants
  A sun moth (Spider:4)
  A spriggan druid (Swamp:4)
  2 goliath frogs (Swamp:1)
  2 flayed ghosts
  50 deep trolls
  7 swamp dragons
  3 phantasmal warriors
  5 glowing orange brains
  An orb spider (Spider:4)
  6 arcanists
  5 bog bodies
  8 lindwurms (Vaults:1)
  A deep elf archer (Vaults:5)
  18 ironbound convokers
  8 steelbarb worms
  3 harpies (Vaults:1)
  4 deep elf pyromancers
  A wolf spider zombie (D:15)
  10 wolf spiders
  2 necromancers
  A mana viper (shapeshifter) (Vaults:5)
  2 deep elf zephyrmancers (Vaults:5)
  3 orc knights
  9 orc sorcerers (Orc:2)
  2 mana vipers (Zot:1)
  Maurice (D:11)
  3 large abominations
  3 will-o-the-wisps
  26 ugly things
  A cyclops (D:12)
  4 manticores
  8 moths of wrath
  8 meliai
  3 centaur zombies
  5 kobold blastminers
  3 black mambas
  3 torpor snails
  A water nymph (shapeshifter) (Depths:4)
  7 elephants
  A gargoyle (D:13)
  3 smoke demons
  9 cane toads
  11 vault sentinels
  An eye of devastation (shapeshifter) (D:14)
  4 orange demons
  2 freezing wraiths
  2 efreet
  4 rime drakes
  A kobold demonologist (D:13)
  An unseen horror (D:11)
  5 komodo dragons
  2 tengu conjurers
  Psyche (D:9)
  An ancient zyme (Abyss:2)
  A yaktaur (Vaults:2)
  A yaktaur (shapeshifter) (D:14)
  A harpy zombie (D:15)
  5 trolls
  4 polar bears
  A red devil (D:1)
  3 tyrant leeches
  8 hornets
  2 wind drakes (Lair:5)
  2 polar bears (shapeshifter) (D:14)
  A snapping turtle (Lair:5)
  12 raiju (Abyss:2)
  10 tarantellas (Spider:1)
  8 blink frogs
  6 jumping spiders
  A snapping turtle (shapeshifter) (Vaults:5)
  6 culicivoras
  4 centaur simulacra (D:11)
  A ynoxinul (Abyss:2)
  32 slime creatures
  4 spriggans
  3 wyverns
  8 water elementals (Depths:1)
  2 wraiths (D:14)
  A basilisk (Lair:3)
  38 yaks
  5 shadows
  6 starcursed masses (Abyss:2)
  A vampire (D:10)
  4 fire elementals (D:13)
  12 redbacks
  3 wargs
  3 steam dragons
  2 neqoxecs (Abyss:2)
  12 swamp worms
  9 vampire mosquitoes (Lair:2)
  2 chaos spawn
  3 small abominations
  3 acid dragons
  2 glowing shapeshifter zombies (Vaults:4)
  9 water moccasins
  2 hell hounds (D:13)
  A glowing shapeshifter skeleton (Vaults:4)
  A hornet zombie (D:15)
  11 orc warriors
  6 ice beasts
  A sky beast (D:6)
  A swamp drake (Swamp:3)
  2 black bears
  16 wolves
  5 boggarts (Vaults:4)
  13 ogres
  19 centaurs
  A phantom (D:7)
  A kobold brigand (D:11)
  3 necrophages (Swamp:4)
  9 bullfrogs
  A gnoll sergeant (D:9)
  A human zombie (Vaults:4)
  4 wights (D:8)
  17 killer bees
  6 howler monkeys
  A quasit (Abyss:2)
  4 hounds
  8 orc priests
  A sleepcap (D:5)
  5 iguanas
  Terence (D:2)
  Natasha (twice) (D:2)
  37 orc wizards
  18 hell rats
  11 gnolls
  9 adders
  3 shadow imps
  2 white imps
  2 ufetubi (Abyss:2)
  4 dart slugs (D:1)
  2 ribbon worms (D:2)
  57 orcs
  6 ball pythons
  7 endoplasms
  5 giant cockroaches
  9 goblins
  8 hobgoblins
  8 jackals
  2 quokkas
  7 bats
  4 frilled lizards
  11 kobolds
  A rat (D:1)
  An aspiring flesh (Zot:1)
  3 starspawn tentacles (Abyss:2)
1356 creatures vanquished.

Vanquished Creatures (others)
  3 bloated husks
  An orc (D:6)
  14 foxfires
  6 starspawn tentacles (Abyss:2)
24 creatures vanquished.

Grand Total: 1380 creatures vanquished

Notes
Turn   | Place    | Note
-------+----------+-------------------------------------------
     0 | D:1      | Flugslaktarn the Minotaur Fighter began the quest for the
                  | Orb.
     0 | D:1      | Reached XP level 1. HP: 19/19 MP: 0/0
    84 | D:1      | Reached skill level 4 in Fighting
    84 | D:1      | Reached XP level 2. HP: 27/27 MP: 1/1
   359 | D:1      | Reached XP level 3. HP: 33/33 MP: 2/2
   482 | D:1      | Found a faded altar of an unknown god.
  1000 | D:2      | Reached XP level 4. HP: 41/41 MP: 3/3
  1111 | D:2      | Noticed Natasha
  1117 | D:2      | Killed Natasha
  1203 | D:2      | Noticed Natasha
  1209 | D:2      | Noticed Terence
  1211 | D:2      | Killed Natasha
  1212 | D:2      | Reached skill level 5 in Fighting
  1222 | D:2      | Killed Terence
  1223 | D:2      | Reached XP level 5. HP: 42/48 MP: 4/4
  1759 | D:3      | Found Aqiorou's Magic Scroll Shoppe.
  1767 | D:3      | You fall into a shaft and drop 3 floors!
  1767 | D:6      | Found a staircase to the Ecumenical Temple.
  1777 | Temple   | Entered the Ecumenical Temple
  1854 | Temple   | Became a worshipper of Cheibriados the Contemplative
  1983 | D:6      | Noticed a sky beast
  1993 | D:6      | Killed a sky beast
  1994 | D:6      | Reached skill level 5 in Axes
  2073 | D:5      | Entered Level 5 of the Dungeon
  2088 | D:5      | Reached XP level 6. HP: 56/57 MP: 5/5
  2109 | D:4      | Reached skill level 1 in Invocations
  2126 | D:4      | Reached skill level 6 in Fighting
  2271 | D:4      | Reached skill level 5 in Armour
  2406 | D:3      | Found a basalt altar of Yredelemnul.
  2472 | D:3      | Found a shadowy altar of Dithmenos.
  2474 | D:3      | Found a broken altar of Ashenzari.
  2476 | D:3      | Found a burning altar of Makhleb.
  2722 | D:3      | Reached * piety under Cheibriados
  3090 | D:4      | Found Qaotism's Assorted Antiques.
  3231 | D:4      | Reached XP level 7. HP: 64/64 MP: 7/7
  3489 | D:4      | Bought a scroll labelled NILO KIESCHA for 20 gold pieces
  3489 | D:4      | Bought a scroll labelled RADEMN GESAE for 20 gold pieces
  3489 | D:4      | Bought a bubbling silvery potion for 18 gold pieces
  3489 | D:4      | Bought a fuming amethyst potion for 18 gold pieces
  3489 | D:4      | Bought 2 inky potions for 36 gold pieces
  3830 | D:5      | Found an ancient bone altar of Kikubaaqudgha.
  4067 | D:5      | Reached skill level 7 in Fighting
  4457 | D:6      | Noticed a steam dragon
  4474 | D:6      | Killed a steam dragon
  4475 | D:6      | Reached ** piety under Cheibriados
  4476 | D:6      | Reached XP level 8. HP: 19/73 MP: 7/9
  4734 | D:6      | Found a runed translucent door.
  4735 | D:6      | Noticed Crazy Yiuf
  5124 | D:7      | Found a flagged portal.
  5137 | Bailey   | Entered a bailey
  5155 | Bailey   | Reached skill level 8 in Fighting
  5448 | D:7      | Reached skill level 1 in Dodging
  6102 | D:7      | Reached XP level 9. HP: 82/82 MP: 10/10
  6165 | D:7      | Reached skill level 9 in Fighting
  6296 | D:8      | Reached *** piety under Cheibriados
  7176 | D:8      | Reached **** piety under Cheibriados
  7379 | D:8      | Reached skill level 10 in Fighting
  7649 | D:9      | Paralysed by a hornet for 3 turns
  7827 | D:9      | Noticed a two-headed ogre
  7837 | D:9      | Killed a two-headed ogre
  7838 | D:9      | Reached skill level 10 in Axes
  7838 | D:9      | Reached skill level 5 in Invocations
  7838 | D:9      | Reached XP level 10. HP: 29/94 MP: 12/12
  8176 | D:9      | Noticed Psyche
  8182 | D:9      | Killed Psyche
  8537 | D:10     | Entered Level 10 of the Dungeon
  9573 | D:10     | Found Zexirieth's Book Boutique.
  9616 | D:11     | Noticed a two-headed ogre
  9622 | D:11     | Killed a two-headed ogre
  9623 | D:11     | Reached skill level 11 in Fighting
  9623 | D:11     | Reached skill level 5 in Dodging
  9933 | D:11     | Reached ***** piety under Cheibriados
 10287 | D:11     | Noticed Maurice
 10299 | D:11     | Killed Maurice
 10343 | D:11     | Reached XP level 11. HP: 21/104 MP: 14/14
 10722 | D:11     | Got the +7 battleaxe of Mosuh {freeze, Int+2}
 10964 | D:11     | Reached skill level 12 in Fighting
 11090 | D:11     | Found a staircase to the Lair.
 11499 | Lair:1   | Entered Level 1 of the Lair of Beasts
 11689 | Lair:1   | Identified the +8 whip "Doguh" {venom, rElec rC+ Int+2
                  | Stlth-}
 12541 | Lair:2   | Reached skill level 13 in Fighting
 12594 | Lair:2   | Noticed a death yak
 12594 | Lair:2   | Noticed a death yak
 12595 | Lair:2   | Noticed a death yak
 12595 | Lair:2   | Noticed a death yak
 12596 | Lair:2   | Noticed a death yak
 12596 | Lair:2   | Noticed a death yak
 12599 | Lair:2   | Killed a death yak
 12600 | Lair:2   | Reached skill level 10 in Armour
 12600 | Lair:2   | Killed a death yak
 12604 | Lair:2   | Killed a death yak
 12605 | Lair:2   | Reached XP level 12. HP: 115/115 MP: 16/16
 12605 | Lair:2   | Killed a death yak
 12606 | Lair:2   | Reached ****** piety under Cheibriados
 12607 | Lair:2   | Killed a death yak
 12610 | Lair:2   | Killed a death yak
 12850 | Lair:2   | Found a hole to the Spider Nest.
 12983 | Lair:2   | Reached skill level 14 in Fighting
 13131 | Lair:2   | Noticed a six-headed hydra
 13137 | Lair:2   | Killed a three-headed hydra
 13313 | Lair:2   | Found a staircase to the Swamp.
 13562 | Lair:3   | Noticed Amaemon
 13569 | Lair:3   | Killed Amaemon
 13797 | Lair:3   | Noticed a boulder beetle
 13805 | Lair:3   | Killed a boulder beetle
 13844 | Lair:3   | Noticed an eight-headed hydra
 13851 | Lair:3   | Killed a six-headed hydra
 13942 | Lair:3   | Identified the serpent talisman of Mirth {Str+3 Int+2
                  | Dex-4}
 13955 | Lair:3   | Identified the +0 ring mail of Vexation {Regen+ Dex+3
                  | Stlth+}
 14010 | Lair:3   | Reached XP level 13. HP: 125/125 MP: 18/18
 14381 | Lair:4   | Found a staircase to the Slime Pits.
 14381 | Lair:4   | Found a viscous altar of Jiyva.
 14679 | Lair:4   | Reached skill level 15 in Fighting
 14939 | Lair:5   | Entered Level 5 of the Lair of Beasts
 15062 | Lair:5   | Reached skill level 15 in Axes
 15737 | Lair:5   | Found the +5 Lochaber axe {reach-cleave, Poleaxe ^Drain}
 17478 | D:12     | Found a staircase to the Orcish Mines.
 17523 | Orc:1    | Entered Level 1 of the Orcish Mines
 17550 | Orc:2    | Entered Level 2 of the Orcish Mines
 17550 | Orc:2    | Noticed Snorg
 17558 | Orc:2    | Killed Snorg
 17669 | Orc:2    | Reached skill level 16 in Fighting
 18077 | Orc:2    | Found a staircase to the Elven Halls.
 18096 | Orc:2    | Found a frozen archway.
 18312 | Orc:2    | Noticed Urug
 18332 | Orc:2    | Killed Urug
 18333 | Orc:2    | Reached XP level 14. HP: 77/137 MP: 19/19
 18488 | Orc:2    | Found Gesunaoxau's Magic Scroll Boutique.
 18495 | Orc:2    | Bought a scroll of teleportation for 42 gold pieces
 18495 | Orc:2    | Bought a scroll of teleportation for 42 gold pieces
 18508 | Orc:2    | Found an ancient bone altar of Kikubaaqudgha.
 18509 | Orc:2    | Noticed Nergalle
 18519 | Orc:2    | Killed Nergalle
 18610 | Orc:2    | Found Kamuy's Antique Weapon Boutique.
 18623 | Orc:2    | Paralysed by an ogre mage for 4 turns
 18637 | Orc:2    | Found a radiant altar of Vehumet.
 18681 | Orc:2    | Found Pubeid's Antique Armour Shop.
 18692 | Orc:2    | Found Pathroe's Jewellery Shop.
 18832 | Orc:2    | Found Urhobor's Antique Weapon Shoppe.
 18896 | Orc:1    | Noticed Erica
 18902 | Orc:1    | Killed Erica
 18917 | Orc:1    | Reached skill level 10 in Dodging
 19177 | Orc:1    | Noticed Erolcha
 19183 | Orc:1    | Killed Erolcha
 19290 | Orc:2    | Bought an amulet of regeneration for 510 gold pieces
 19295 | Orc:2    | Bought a +5 ring of evasion for 612 gold pieces
 19526 | D:13     | Noticed Azrael
 19536 | D:13     | Killed Azrael
 19720 | D:13     | Reached skill level 17 in Fighting
 20502 | D:14     | Identified a scroll of acquirement
 20502 | D:14     | Acquired 651 gold pieces
 20650 | D:14     | Identified the +3 leather armour of Vanity {Int+4}
 20680 | D:14     | Reached skill level 10 in Invocations
 20703 | D:14     | Found a gate to the Vaults.
 20938 | D:15     | Entered Level 15 of the Dungeon
 20997 | D:15     | Found Riuhig Lao's Assorted Antiques.
 21005 | D:15     | Bought a potion of heal wounds for 165 gold pieces
 21021 | D:15     | Found a staircase to the Depths.
 21339 | D:15     | Reached XP level 15. HP: 118/147 MP: 21/21
 21409 | D:15     | Found Oxkugh's Antique Weapon Shop.
 21802 | D:15     | Found Ostomnorgh's General Store.
 21810 | D:15     | Bought the ring "Yleur" {rC++ SInv} for 671 gold pieces
 21810 | D:15     | Bought a scroll of teleportation for 51 gold pieces
 22085 | Swamp:1  | Entered Level 1 of the Swamp
 22090 | Swamp:1  | Reached skill level 18 in Fighting
 22162 | Swamp:2  | Noticed a tentacled monstrosity
 22221 | Swamp:2  | Killed a tentacled monstrosity
 22937 | Swamp:3  | Reached skill level 19 in Fighting
 22947 | Swamp:4  | Entered Level 4 of the Swamp
 23008 | Swamp:4  | Noticed a thorn hunter
 23024 | Swamp:4  | Killed a thorn hunter
 23281 | Swamp:4  | Reached XP level 16. HP: 109/161 MP: 12/22
 23369 | Swamp:4  | Noticed Mara
 23645 | Swamp:4  | Reached skill level 20 in Fighting
 23666 | Swamp:4  | Reached skill level 15 in Armour
 23716 | Swamp:4  | Got a decaying rune of Zot
 23848 | Spider:1 | Entered Level 1 of the Spider Nest
 24057 | Spider:1 | Noticed Jorgrun
 24064 | Spider:1 | Killed Jorgrun
 24337 | Spider:3 | Noticed Asterion
 24346 | Spider:3 | Killed Asterion
 24352 | Spider:3 | Reached skill level 21 in Fighting
 24392 | Spider:4 | Entered Level 4 of the Spider Nest
 24406 | Spider:4 | Reached skill level 5 in Shields
 25079 | Spider:4 | Reached XP level 17. HP: 91/173 MP: 15/23
 25220 | Spider:4 | Reached skill level 10 in Shields
 25402 | Spider:4 | Got a gossamer rune of Zot
 25403 | Spider:4 | Got a milky-white gem with 181 turns to spare
 25494 | Spider:4 | Lost the milky-white gem through the power of Zot.Gained a
                  | life (7 lives remaining)
 25665 | Vaults:1 | Entered Level 1 of the Vaults
 26984 | Vaults:3 | Reached XP level 18. HP: 164/183 MP: 25/25
 27469 | Vaults:3 | Reached skill level 22 in Fighting
 27617 | Vaults:3 | Reached skill level 15 in Dodging
 27826 | Vaults:3 | Identified the death talisman of Beyond {rC+ Int+3 Slay+2}
 27991 | Vaults:4 | Noticed Norris
 27992 | Vaults:4 | Noticed Sojobo
 27998 | Vaults:4 | Identified the serpent talisman of the Gastropod {rC+ rCorr
                  | Dex+4}
 27998 | Vaults:4 | Noticed Aizul
 28322 | Vaults:4 | Paralysed by an air elemental for 1 turns
 28326 | Vaults:4 | Paralysed by an air elemental for 1 turns
 28329 | Vaults:4 | Paralysed by an air elemental for 1 turns
 28358 | Vaults:4 | Killed Sojobo
 28514 | Vaults:4 | Killed Aizul
 28636 | Vaults:4 | Killed Norris
 28642 | Vaults:4 | Reached XP level 19. HP: 92/193 MP: 3/27
 28647 | Vaults:4 | HP: 9/193 [yaktaur captain/bolt (32)]
 29274 | Vaults:4 | Reached skill level 23 in Fighting
 29439 | Vaults:5 | Entered Level 5 of the Vaults
 29746 | Abyss:2  | Cast into level 2 of the Abyss (a deep elf demonologist)
 29926 | Abyss:2  | Noticed a profane servitor
 29960 | Abyss:2  | Killed a profane servitor
 30073 | Abyss:2  | Found a sparkling altar of Nemelex Xobeh.
 30412 | Vaults:5 | Escaped the Abyss
 30730 | Vaults:5 | Reached skill level 24 in Fighting
 30823 | Vaults:5 | Reached XP level 20. HP: 88/196 MP: 28/28
 30911 | Vaults:5 | Identified the +1 ring mail "Reppiame" {Fly rF++ Str-3
                  | Slay+3}
 31124 | Vaults:5 | Identified the +4 glaive of Xidokh {freeze, Str+4}
 31124 | Vaults:5 | Identified the ring "Ason Weh" {Will+ Int+2}
 31179 | Vaults:5 | Identified the +3 dagger "Glorpo" {speed, Int+2}
 31689 | Vaults:5 | Got a silver rune of Zot
 31753 | Vaults:5 | Identified the +3 chain mail of the Skiapode {SInv}
 31800 | Vaults:5 | Got Sif Muna's Quarto of Mercurial Anthracomancy
 31850 | Vaults:5 | Identified the +4 rapier of Ywun {drain, rElec Int+2}
 32411 | Depths:1 | Entered Level 1 of the Depths
 32431 | Depths:1 | Found a gateway to Hell.
 32796 | Depths:1 | Paralysed by a vampire knight for 5 turns
 33313 | Depths:2 | Reached skill level 25 in Fighting
 33319 | Depths:2 | Noticed a golden dragon
 33327 | Depths:2 | Killed a golden dragon
 33593 | Depths:3 | Found a one-way gate to the infinite horrors of the Abyss.
 33643 | Depths:4 | Entered Level 4 of the Depths
 33728 | Depths:4 | Found a shadowy altar of Dithmenos.
 33741 | Depths:4 | Reached XP level 21. HP: 217/217 MP: 29/29
 33935 | Depths:4 | Found a gate to the Realm of Zot.
 35047 | Zot:1    | Entered Level 1 of the Realm of Zot
 35070 | Zot:1    | Noticed a golden dragon
 35073 | Zot:1    | Noticed Parghit
 35082 | Zot:1    | Killed a golden dragon
 35385 | Zot:1    | Killed Parghit
 35420 | Zot:2    | Identified the staff of Jiabbuc {^Fragile rC+ rCorr Dex+3
                  | Ice Alchemy}
 35420 | Zot:2    | Identified the ring "Ecotukod" {Ice Will+ Dex+2}
 35420 | Zot:2    | Noticed Josephina
 35433 | Zot:1    | Reached skill level 15 in Shields
 36002 | Zot:5    | Entered Level 5 of the Realm of Zot
 36100 | Zot:5    | Identified the +8 hand axe "Hesukker" {venom, Dex+3}
 36204 | Zot:5    | Reached XP level 22. HP: 104/226 MP: 30/30
 36439 | Zot:5    | Noticed an orb of fire
 36450 | Zot:5    | Killed an orb of fire
 36543 | Zot:5    | Noticed a Killer Klown
 36555 | Zot:5    | Killed a Killer Klown
 36572 | Zot:5    | Noticed a dread lich
 36580 | Zot:5    | Paralysed by something for 4 turns
 36721 | Zot:5    | Noticed a golden dragon
 36723 | Zot:5    | Noticed an ancient lich
 36724 | Zot:5    | Got the Orb of Zot
 36825 | Zot:1    | Identified the +0 tower shield of Recklessness {Fly Will+
                  | Regen+}
 36915 | Depths:2 | Noticed Wiuxkeuh the pandemonium lord
 36949 | Depths:1 | Noticed a seraph
 37552 | D:1      | gg
 37553 | D:$      | Escaped with the Orb!

Illustrated notes

.###...............# ###.##......
####...............# #...##......
#######.....(.########.####.#####
#................# #.#####
#######.(.....##..####.####......
......#...................#######
......#..P#~#P.....P#~#P..# #....
........P##~##P...P##~##P.# ####.
.........~~~~~..@..~~~~~..# #.
......#.P##~##P...P##~##P.# #.
......#..P#~#P.....P#~#P..# ##
......#...................# #
#+#####..#.......#.#.############
#.##.....#.##....................
..##.##.##.##....................
.....##....##....................
#############....................


Turn 37552 on D:1: gg

Levels and vault maps discovered:
D:1:      eino_arrival_water_cross, layout_basic,
          shapermc_ecumenical_altar_mp_vishouse,
          nicolae_concentric_dashed_squares_mild, minmay_statues_item
D:2:      layout_loops_cross, kennysheep_potato, uniq_terence, uniq_natasha
D:3:      layout_loops_corners, grunt_temple_overflow_open, serial_shops, shop
D:4:      layout_rooms, serial_shops, nicolae_shop_window_shopping
D:5:      layout_cave_pools, overflow_temple_1_default,
          chequers_serial_rivers_small_a, minmay_holes, grunt_decor_fettered
D:6:      layout_loops_cross, minmay_temple_entry_glass, uniq_crazy_yiuf_cottage
D:7:      nicolae_cairo_tiling_very_big, layout_loops_ring, enter_bailey_5
D:8:      layout_basic
D:9:      layout_rooms, uniq_psyche
D:10:     layout_stronghold, serial_shops, shop_fountains,
          small_statue_intersection
D:11:     minmay_coctagon, layout_irregular_city, lair_entry_dummy, uniq_maurice
D:12:     layout_roguey, minmay_orc_entry_temple_small, serial_corexii_hall,
          corexii_hall_statues_x, chequers_hall_statues_corner_a,
          corexii_hall_statues_i
D:13:     layout_stronghold, uniq_azrael
D:14:     layout_basic, david_vaults_2, nicolae_eternal_life
D:15:     hellmonk_depths_entry_around_the_bend, layout_irregular_city,
          nicolae_the_louvre, serial_shops, nicolae_square_shop, shop_fountains,
          nicolae_shop_peninsula, serial_undead, serial_undead_d,
          serial_undead_d, serial_undead_d, serial_undead_a
Temple:   minmay_temple_bridge_d
Lair:1:   layout_small_grid, grunt_megastairs_1
Lair:2:   layout_chaotic_city, minmay_swamp_entry_swarm,
          hellmonk_spider_entry_life_and_decay
Lair:3:   layout_concentric_octagons, uniq_amaemon
Lair:4:   layout_small_grid, slime_entry_1
Lair:5:   gammafunk_lair_ancient_temple, layout_cave_pods
Swamp:1:  layout_basic_swamp, evilmike_swamp_ruin_house_3, swamp_pool_3
Swamp:2:  nicolae_swamp_secret_spriggan_hideout, layout_basic_swamp,
          nicolae_swamp_fairy_circle
Swamp:3:  layout_basic_swamp, evilmike_swamp_ruin_house_1,
          infiniplex_staircase_pool
Swamp:4:  swamp_vile, layout_basic_swamp, swamp_pool_1_2, uniq_mara
Spider:1: layout_spider_delve, nicolae_spider_wall_of_niches, uniq_jorgrun
Spider:2: layout_cave_pods, nicolae_spider_stair_cavern,
          hangedman_spider_tarantella_strand, uniq_arachne
Spider:3: layout_spider_delve, nicolae_spider_nook, uniq_asterion
Spider:4: hellmonk_spider_rune_bug_friends, nicolae_spider_circle_web
Orc:1:    layout_diamond_mine, uniq_erica, uniq_erolcha
Orc:2:    kennysheep_orc_mage_school, layout_caves, basic_altar,
          nicolae_volcano_entry_s_turn, portal_ice_cave_entry_pillars_1,
          serial_shops, shop, uniq_urug, uniq_snorg
Vaults:1: hangedman_vaults_nodes, v_alt_pattern_4, v_misc_25,
          vaults_room_corners, hangedman_vaults_river_flow, v_misc_29,
          v_misc_16, nicolae_vaults_weapon_check, v_misc_4, special_room_vaults
          [special_room_orc], nicolae_vaults_lightning_bolt,
          layout_vaults_maze_bifur
Vaults:2: nicolae_vaults_know_your_exits, minmay_crypt_entry_simple_plaza,
          hangedman_vaults_pinch, hangedman_vaults_unwind,
          nicolae_vaults_spaceships, v_misc_11, nicolae_vaults_trapezoid_4,
          hangedman_vaults_capsules, nicolae_vaults_specimen_jars,
          nicolae_vaults_closet_pinwheel_4, v_misc_16, layout_vaults_omnibox,
          serial_shops, shop, uniq_margery
Vaults:3: st_lines, v_misc_8, nicolae_vaults_trapezoid_lopsided_4, v_rooms_4,
          v_alt_pattern_2, vaults_room_grid, v_pattern_1,
          nicolae_vaults_double_plus_1, v_misc_29, v_alt_pattern_1,
          nicolae_vaults_mini_display_case, layout_vaults_omnicross
Vaults:4: v_pattern_3, vaults_standard_mumra_x, vaults_dpeg_hooks,
          nicolae_vaults_network_periphery, v_alt_pattern_2, vaults_room_pools,
          v_misc_27, nicolae_vaults_what_the_h, layout_vaults_big_room,
          uniq_norris, uniq_aizul, uniq_sojobo
Vaults:5: serial_shops
Depths:1: cross_vault, layout_gridlike, serial_bayou, serial_bayou_lagoon_a,
          serial_bayou_crossing, serial_bayou_pond_c, serial_bayou_pond_e,
          glass_columns_b, hell_entry, hangedman_decor_slide_cut,
          minmay_misc_feat_tower, nicolae_shop_sticking_my_neck_out,
          serial_bayou_shore_b
Depths:2: minmay_tile_spiral, layout_gridville, enter_ziggurat_f,
          pf_vacation_house_of_asmodeus, rand_demon_pan_entry_9,
          chequers_decorated_corner
Depths:3: minmay_the_grid_triangle_9x9_rhombus_thin_mashed
          [minmay_the_grid_triangle_9x9_corrupted_corridor,
          minmay_the_grid_triangle_9x9_prize_center,
          minmay_the_grid_triangle_9x9_shrine,
          minmay_the_grid_triangle_9x9_from_above], layout_honeycomb,
          hell_entry, serial_shops, nicolae_shop_back_alley_shop, abyss_entry,
          minmay_misc_feat_nine_boxes, infiniplex_staircase_door_maze
Depths:4: grunt_crosshair, layout_cave_shapes,
          nicolae_concentric_dashed_squares_wild, lightli_too_deep,
          nicolae_dithmenos_shadow_blocks
Zot:1:    layout_gridville, uniq_parghit, uniq_tiamat
Zot:2:    dreamdust_zin_vs_xom, layout_basic, st_stairs_14, uniq_josephina
Zot:3:    layout_concentric_octagons, regret_index_zotdec_ex
Zot:4:    layout_cathedral_of_symmetry, hangedman_snake_sidewinding,
          lemuel_elevator
Zot:5:    layout_onion

Skill      XL: |  1  2  3  4  5  6  7  8  9 10 11 12 13 14 15 16 17 18 19 20 21 22 |
---------------+-------------------------------------------------------------------+-----
Fighting       | 4 5 6 7 8 10 11 13 14 16 17 19 21 22 24 25 | 25.4
Axes           | 3 4 5 7 8 10 11 13 14 15 17 18 | 18.0
Armour         | 4 5 6 8 9 10 11 12 13 14 15 16 18 19 21 | 21.6
Invocations    | 1 2 3 5 6 7 8 9 10 11 12 | 12.0
Dodging        | 2 4 5 7 8 9 10 12 13 14 15 17 19 | 19.3
Shields        | 9 12 18 20 | 20.5

Action                     |  1- 3 |  4- 6 |  7- 9 | 10-12 | 13-15 | 16-18 | 19-21 | 22-24 || total
---------------------------+-------+-------+-------+-------+-------+-------+-------+-------++-------
  Melee: War axe           |    64 |   110 |   269 |    25 |       |       |       |       ||   468
         Headbutt          |     7 |    12 |    42 |    72 |   150 |   252 |   463 |    58 ||  1056
         Broad axe         |       |       |       |   256 |   662 |   746 |  1341 |   147 ||  3152
         Battleaxe         |       |       |       |       |       |    55 |       |       ||    55
         Unarmed           |       |       |       |       |       |     4 |       |       ||     4
 Invoke: Slouch            |       |       |       |     1 |    11 |    17 |     3 |     4 ||    36
         Step From Time    |       |       |       |       |     1 |       |     1 |     4 ||     6
         Bend Time         |       |       |       |       |       |     1 |     2 |       ||     3
         Temporal Distorti |       |       |       |       |       |       |     3 |       ||     3
  Evoke: Wand              |       |       |       |     2 |       |       |       |     1 ||     3
         Phantom mirror    |       |       |       |       |       |       |     1 |       ||     1
    Use: Potion            |       |     1 |     3 |     2 |       |     7 |     5 |     6 ||    24
         Scroll            |       |       |    14 |     8 |    10 |    12 |    12 |     9 ||    65
   Stab: Distracted        |       |       |       |       |       |       |     3 |       ||     3
         Invisible         |       |       |       |       |       |       |    12 |       ||    12
 Armour: Scale mail        |    28 |       |       |       |       |       |       |       ||    28
         Chain mail        |    22 |   115 |   240 |   318 |   110 |       |       |       ||   805
         Plate armour      |       |       |       |       |   421 |   504 |   500 |       ||  1425
         Gold dragon scale |       |       |       |       |       |       |   225 |    92 ||   317
  Dodge: Dodged            |    29 |    37 |   134 |   257 |   738 |   815 |  1173 |   107 ||  3290
  Block: Buckler           |    13 |    18 |    72 |   120 |   261 |    38 |       |       ||   522
         Kite shield       |       |       |       |       |       |   539 |   618 |       ||  1157
         Tower shield      |       |       |       |       |       |       |   641 |   191 ||   832

Table legend: (Time is in decaauts)
 A = Elapsed time spent in this place.
 B = Non-inter-level travel time spent in this place.
 C = Inter-level travel time spent in this place.
 D = Time resting spent in this place.
 E = Time spent auto-exploring this place.
 F = Levels seen in this place.
 G = Mean time per level.
                   A        B        C        D        E       F      G
               +--------+--------+--------+--------+--------+-----+--------+
         Total |  55427 |  50391 |   5036 |   6639 |  34328 |  47 | 1179.3 |
       Dungeon |  21501 |  19707 |   1794 |   2938 |  14369 |  15 | 1433.4 |
        Temple |    171 |      8 |    163 |      0 |      0 |   1 |  171.0 |
          Lair |   8610 |   7875 |    735 |    595 |   6354 |   5 | 1722.0 |
         Swamp |   2495 |   2260 |    235 |    426 |   1098 |   4 |  623.8 |
   Spider Nest |   2480 |   2127 |    353 |    196 |   1447 |   4 |  620.0 |
  Orcish Mines |   2786 |   2473 |    313 |    521 |   1582 |   2 | 1393.0 |
        Vaults |   8940 |   8299 |    641 |   1339 |   4761 |   5 | 1788.0 |
        Depths |   5034 |   4644 |    390 |    447 |   3154 |   4 | 1258.5 |
           Zot |   2416 |   2007 |    409 |    175 |    884 |   5 |  483.2 |
         Abyss |    953 |    953 |      0 |      0 |    663 |   1 |  953.0 |
        Bailey |     36 |     36 |      0 |      0 |     14 |   1 |   36.0 |
               +--------+--------+--------+--------+--------+-----+--------+

Top non-repeatable levels by time:
Vaults:5: 3256 daAuts
    D:11: 2531 daAuts
Depths:4: 2493 daAuts
  Lair:5: 2434 daAuts
Vaults:4: 2192 daAuts
  Lair:2: 1995 daAuts
   Orc:2: 1902 daAuts
    D:12: 1874 daAuts
Depths:1: 1784 daAuts
    D:15: 1713 daAuts
  Lair:1: 1712 daAuts
     D:7: 1710 daAuts
    D:10: 1671 daAuts
     D:8: 1669 daAuts
Spider:4: 1616 daAuts
